cohdb
Replays
Latest Replays
All Replays
Popular Replays
Top Player Replays
Match Explorer
How It Works
Community
CoH3 Stats
Reddit
Sign in to upload your games and track your stats! →
Sign in with Steam
Match 44967785
Unlisted
Match 44967785
Overview
Messages
Build Orders
End
Construct Barracks
Selects Heavy Weapons
Riflemen Squad
1⁄4-ton 4x4 Truck
Riflemen Squad
Mechanized Support Center
Riflemen Squad
Construct Motor Pool
Engineer Squad
M8 Greyhound Armored Car
Grenade Package
M3 75 mm Gun Motor Carriage
M3 75 mm Gun Motor Carriage
Selects Assault Carriers
Selects Exchangeable Parts
Riflemen Squad
M3 75 mm Gun Motor Carriage
Improvised Armor
Chronicle
Monument2Sin
Redbox
гооол
BÖRK
beniu
BlueSkidrow™
MisiaczekUwUPolska
0
0
Comments
sign in to comment!
No comments posted yet!